 Dungeon Crawl Stone Soup version 0.28-a0-46-g7b1be97da7 (webtiles) character file.

Game seed: 3513819024512273661

422 sanka the Skirmisher (level 6, 0/55 HPs)
             Began as a Palentonga Abyssal Knight on July 29, 2021.
             Was a Believer of Lugonu.
             Slain by a lemure (7 damage)
             ... led by Pikel
             ... on level 4 of the Dungeon.
             The game lasted 00:05:09 (4303 turns).

sanka the Skirmisher (Palentonga Abyssal Knight)    Turns: 4303, Time: 00:05:09

Health: 0/55       AC:  6    Str: 17    XL:     6   Next: 63%
Magic:  9/9        EV:  9    Int: 12    God:    Lugonu [**....]
Gold:   219        SH:  0    Dex: 10    Spells: 5/5 levels left

rFire   + . .      SeeInvis +   l - +1 whip (elec)
rCold   . . .      Faith    .   (no shield)
rNeg    . . .      Spirit   .   g - +1 leather armour {rF+}
rPois   .          Reflect  .   k - +0 helmet
rElec   .          Harm     .   (no cloak)
rCorr   .          Rampage  .   (no gloves)
Will    .....                   (no barding)
Stlth   +.........              (no amulet)
HPRegen 0.18/turn               (no ring)
MPRegen 0.11/turn               (no ring)

@: no status effects
A: large, rugged brown scales 3, see invisible, deformed body, roll 1, armoured
tail
a: Rolling Charge, Renounce Religion, Depart the Abyss, Bend Space


You were on level 4 of the Dungeon.
You worshipped Lugonu.
Lugonu was pleased with you.
You visited 1 branch of the dungeon, and saw 5 of its levels.
You visited the Abyss 1 time.

You collected 219 gold pieces.


Innate Abilities, Weirdness & Mutations

You are completely covered in rugged brown scales. (AC +3, +7% HP)
You have supernaturally acute eyesight. (SInv)
Armour fits poorly on your strangely shaped body.
You can roll at nearby foes to attack.
You have a long armoured tail.


   Skills:
 + Level 5.7 Fighting
 - Level 3.4 Axes
 - Level 1.5 Armour
 - Level 0.7 Dodging
 + Level 4.6 Invocations


You had 5 spell levels left.
You didn't know any spells.
Your spell library contained the following spells:

 Spells                   Type           Power      Damage    Failure   Level
 Foxfire                  Conj/Fire      0%         2x1d4     36%         1
 Conjure Flame            Conj/Fire      0%         6-21      75%         3
 Inner Flame              Hex/Fire       0%         N/A       75%         3
 Cause Fear               Hex            0%         N/A       98%         4
 Freezing Cloud           Conj/Ice/Air   0%         6-21      100%        5
 Simulacrum               Ice/Necr       0%         N/A       100%        6
 Discord                  Hex            0%         N/A       100%        8
 Polar Vortex             Ice            0%         N/A       100%        9

Inventory:

Hand Weapons
 a - a +1 hand axe
 l - a +1 whip of electrocution (weapon)
Armour
 g - a +1 leather armour of fire resistance (worn)
 k - a +0 helmet (worn)
Wands
 m - a wand of acid (8)
 o - a wand of paralysis (12)
Scrolls
 e - 5 scrolls of teleportation {unknown}
 f - 5 scrolls of identify {unknown}
 i - 3 scrolls of vulnerability {unknown}
 n - a scroll of torment {unknown}
 p - 2 scrolls of amnesia {unknown}
 q - a scroll of enchant armour {unknown}
Potions
 b - 2 potions of brilliance {unknown}
 c - a potion of lignification {unknown}
 h - a potion of degeneration {unknown}
 j - 3 potions of haste {unknown}

Dungeon Overview and Level Annotations

Branches:
Dungeon (5/15)
 Temple: D:4-7

Altars:
Ashenzari
Qazlal

Shops:
D:1 (

Annotations:
D:4 1 runed translucent door, Crazy Yiuf
D:5 Pikel

..▒ ▒............▒
..▒ ▒............▒
..▒ ▒............▒
..▒ ▒............▒
..▒ ▒............▒
..▒ ▒▒▒▒▒▒▒▒...▒▒▒
..▒ ▒▒..▒
..▒▒▒▒▒▒▒▒▒▒▒▒▒55▒
...............hH▒
▒▒▒▒▒▒▒▒▒▒▒▒▒▒▒▒▒▒
........▒
▒▒.▒.▒▒.▒ ▒.▒..▒.▒
▒.▒.▒▒.▒ ▒.▒.▒▒.▒
▒.▒.▒▒.▒ ▒.▒.▒▒.▒


You could see 2 lemures and a howler monkey.


Message History

Unknown command.
You closely miss the howler monkey.
Your tail-slap misses the howler monkey.
The howler monkey is severely wounded.
The lemure hits you but does no damage. The howler monkey hits you.
* * * LOW HITPOINT WARNING * * *
The lemure hits you!
* * * LOW HITPOINT WARNING * * *
You closely miss the howler monkey.
The howler monkey is severely wounded.
The lemure hits you but does no damage. The howler monkey hits you.
* * * LOW HITPOINT WARNING * * *
The lemure barely misses you.
Unknown command.
The howler monkey barely misses you. The lemure hits you.
* * * LOW HITPOINT WARNING * * *
The lemure hits you.
* * * LOW HITPOINT WARNING * * *
Unknown command.
Unknown command.
You hit the howler monkey.
The howler monkey is almost dead.
The howler monkey hits you.
* * * LOW HITPOINT WARNING * * *
The lemure barely misses you. The lemure hits you!
You die...

Action                   |  1- 3 |  4- 6 || total
-------------------------+-------+-------++-------
Melee: Hand axe          |   113 |       ||   113
       Tailslap          |    17 |    12 ||    29
       Whip              |    44 |    93 ||   137
 Abil: Rolling Charge    |     8 |     1 ||     9
  Use: Potion            |       |     3 ||     3
Armor: Leather armour    |    78 |    38 ||   116
Dodge: Dodged            |    95 |    46 ||   141

Levels and vault maps discovered:
D:1:      minmay_arrival_semitransparent, layout_basic, serial_shops, shop
D:2:      layout_basic, hellmonk_ecumenical_altar_zigzags, minmay_distorted
D:3:      layout_loops_ring, minmay_misc_feat_encased
D:4:      layout_basic, lemuel_doored_altar, mainiacjoe_overflow_alcove_4,
          serial_shops, shop, uniq_crazy_yiuf_cottage
D:5:      layout_rooms, ebering_ghost_sewer_d, uniq_pikel

Notes
Turn   | Place    | Note
-------+----------+-------------------------------------------
     0 | Abyss:1  | sanka the Palentonga Abyssal Knight began the quest for the
                  | Orb.
     0 | Abyss:1  | Reached XP level 1. HP: 19/19 MP: 2/2
    15 | D:1      | Escaped the Abyss
   272 | D:1      | Found Hetaanak's Antique Weapon Shoppe.
   335 | D:1      | Reached XP level 2. HP: 19/25 MP: 3/3
   636 | D:1      | Reached skill level 3 in Axes
   869 | D:1      | Reached XP level 3. HP: 24/31 MP: 4/4
  1495 | D:2      | Reached ** piety under Lugonu
  1985 | D:2      | Found a faded altar of an unknown god.
  2282 | D:3      | Reached skill level 4 in Fighting
  2282 | D:3      | Reached XP level 4. HP: 27/39 MP: 5/5
  3181 | D:4      | Found a broken altar of Ashenzari.
  3214 | D:4      | Found a stormy altar of Qazlal.
  3263 | D:4      | Found Gicviup's Armour Shop.
  3263 | D:4      | Noticed a scorpion
  3279 | D:4      | Killed a scorpion
  3280 | D:4      | Reached XP level 5. HP: 19/46 MP: 5/7
  3482 | D:4      | Noticed a phantom
  3503 | D:4      | Killed a phantom
  3504 | D:4      | Reached skill level 5 in Fighting
  3504 | D:4      | Reached skill level 3 in Invocations
  3832 | D:4      | Found a runed translucent door.
  3833 | D:4      | Noticed Crazy Yiuf
  4050 | D:5      | Entered Level 5 of the Dungeon
  4050 | D:5      | Noticed a lemure
  4050 | D:5      | Noticed a lemure
  4050 | D:5      | Noticed a necrophage
  4061 | D:4      | Reached XP level 6. HP: 42/54 MP: 8/8
  4194 | D:5      | Reached skill level 4 in Invocations
  4221 | D:5      | Noticed Pikel
  4303 | D:4      | Slain by a lemure

Vanquished Creatures
  A necrophage (D:4)
  A phantom (D:4)
  A lemure (D:4)
  A scorpion (D:4)
  A hound (D:5)
  2 iguanas
  4 adders
  An adder skeleton (D:4)
  4 dart slugs
  A worm (D:2)
  An orc (D:4)
  10 bats
  5 endoplasms
  7 goblins
  7 hobgoblins
  10 jackals
  4 quokkas
  9 ball pythons
  3 frilled lizards
  A kobold (D:1)
  2 rats (D:1)
76 creatures vanquished.
